 Dungeon Crawl Stone Soup version 0.15-a0-1387-gd422dff (webtiles) character file.

2289072 Zuul the Impregnable (level 27, 212/212 HPs)
             Began as a Gargoyle Gladiator on June 6, 2014.
             Was the Champion of Qazlal.
             Escaped with the Orb
             ... and 4 runes on June 10, 2014!
             The game lasted 09:30:08 (79805 turns).

Zuul the Impregnable (Gargoyle Gladiator)          Turns: 79805, Time: 09:30:09

HP 212/212       AC 85     Str 34      XL: 27
MP  37/37        EV 12     Int 13      God: Qazlal [******]
Gold 9052        SH 44     Dex 10      Spells:  6 memorised, 19 levels left

rFire  + + +     SeeInvis +     j - +8,+9 demon trident (pierce)
rCold  + . .     Clarity  .     l - +14 crystal plate armour "Noygh" {rF++ rN+ Str+3 Int+1}
rNeg   + + +     rCorr    +     K - +10 large shield "Liep" {rF+ Dam+4}
rPois  +         rRot     +     U - +2 hat {SInv}
rElec  +         Spirit   .     O - +4 dragonskin cloak
SustAb .         Warding  +     p - +0 pair of gloves of Dithmenos' Pride {+Inv rElec rPois Dam+3}
rMut   .         Stasis   .     s - +2 pair of boots
Gourm  .                        w - amulet of warding
MR     ++...                    W - ring of Robustness {AC+8}
                                A - ring "Ilam" {rN+ MP+9 Acc+4}

@: flying, repel missiles, very resistant to hostile enchantments, extremely
unstealthy
A: able to fly continuously, large and strong wings, icy blue scales 1,
iridescent scales 1, blink 1, blurry vision 1, deformed body, deterioration 1,
fast metabolism 1, low mp 2, life protection 1, robust 1, screaming 2,
electricity resistance, strong 1, unbreathing, petrification resistance, rot
immunity, AC +20
a: Stop Flying, Blink, Upheaval, Elemental Force, Disaster Area, Renounce
Religion, Evoke Invisibility
0: Orb of Zot
}: 4/15 runes: serpentine, barnacled, silver, abyssal


You escaped.
You worshipped Qazlal.
Qazlal was exalted by your worship.
You were full.

You visited 12 branches of the dungeon, and saw 58 of its levels.
You visited the Abyss 2 times.
You visited 1 Ziggurat, and saw 9 of its levels.
You also visited: Labyrinth, Trove, Ice Cave and Wizlab.

You collected 9180 gold pieces.
You spent 128 gold pieces at shops.

Inventory:

Hand weapons
 e - a +6,+2 demon trident of electrocution
 j - a +8,+9 demon trident of piercing (weapon)
 R - a +1,+2 demon trident of freezing
Missiles
 c - a throwing net (quivered)
Armour
 l - the +14 crystal plate armour "Noygh" (worn) {rF++ rN+ Str+3 Int+1}
   (You found it in a treasure trove)

   It affects your strength (+3).
   It affects your intelligence (+1).
   It greatly protects you from fire.
   It protects you from negative energy.
 p - the +0 pair of gloves of Dithmenos' Pride (worn) {+Inv rElec rPois Dam+3}
   (You found it in an ice cave)

   It affects your damage with ranged weapons and melee attacks (+3).
   It insulates you from electricity.
   It protects you from poison.
   It lets you turn invisible.
 s - a +2 pair of boots (worn)
 K - the +10 large shield "Liep" (worn) {rF+ Dam+4}
   (You found it on level 5 of the Vaults)

   It affects your damage with ranged weapons and melee attacks (+4).
   It protects you from fire.
 O - the +4 dragonskin cloak (worn)
   (You took it off Tiamat on level 3 of the Realm of Zot)
 U - a +2 hat of see invisible (worn)
Magical devices
 k - a wand of fireball (6)
 m - a wand of draining (7)
 t - a wand of heal wounds (7)
 v - a wand of disintegration (9)
 y - a wand of teleportation (6)
 B - a wand of digging (17)
 D - a wand of heal wounds (7)
 J - a wand of fire (5)
 N - a wand of digging (4)
 Y - a wand of fire (9)
 Z - a wand of draining (5)
Comestibles
 a - 6 meat rations
 f - 3 bread rations
Scrolls
 g - 3 scrolls of identify
 n - 2 scrolls of summoning
 o - 4 scrolls of fear
 r - 3 scrolls of immolation
 F - 4 scrolls of fog
 I - 9 scrolls of teleportation
 M - a scroll of magic mapping
 T - 7 scrolls of remove curse
 X - 3 scrolls of blinking
Jewellery
 u - an uncursed ring of teleport control
 w - an amulet of warding (around neck)
 A - the ring "Ilam" (left hand) {rN+ MP+9 Acc+4}
   (You found it on level 5 of the Vaults)

   [ring of magical power]

   It affects your accuracy with ranged weapons and melee attacks (+4).
   It protects you from negative energy.
   It affects your magic capacity (+9).
 C - an uncursed amulet of the gourmand
 H - the ring "Doatug" {rC+ Acc+3}
   (You found it on level 11 of the Dungeon)

   [ring of protection from cold]

   It affects your accuracy with ranged weapons and melee attacks (+3).
   It protects you from cold.
 P - the amulet of Emoalece {rCorr Str+3 Dex+2 Stlth+}
   (You found it on level 6 of a ziggurat)

   [amulet of resist corrosion]

   It protects you from acid and corrosion.
   It affects your strength (+3).
   It affects your dexterity (+2).
   It makes you more stealthy.
 W - the ring of Robustness (right hand) {AC+8}
   (You took it off a deep elf conjurer on level 3 of the Elven Halls)

   [ring of protection]

   It affects your AC (+8).
Potions
 h - 3 potions of might
 i - 11 potions of curing
 q - 3 potions of heal wounds
 x - 2 potions of resistance
 L - 3 potions of agility
 Q - 3 potions of haste
Miscellaneous
 b - an ornate deck of summonings {the Illusion, drawn: 1}
 G - a disc of storms
 S - a lamp of fire


   Skills:
 * Level 25.5 Fighting
   Level 1.1 Axes
   Level 3.7 Maces & Flails
 * Level 22.7 Polearms
 - Level 2.0 Throwing
 * Level 25.6 Armour
 * Level 20.4 Dodging
 * Level 22.7 Shields
 - Level 6.4 Spellcasting
 - Level 5.0 Conjurations
 - Level 1.9 Translocations
 - Level 2.2 Fire Magic
 - Level 5.6 Earth Magic
 - Level 10.8 Invocations
 - Level 8.1 Evocations


You had 19 spell levels left.
You knew the following spells:

 Your Spells              Type           Power        Failure   Level  Hunger
a - Stone Arrow           Conj/Erth      ###...       38%         3    ###....
b - Apportation           Tloc           #.........   45%         1    None
c - Bolt of Magma         Conj/Fire/Erth ###.......   100%        5    #####..
d - Conjure Flame         Conj/Fire      ##......     75%         3    ###....
e - Inner Flame           Hex/Fire       #.......     99%         3    ###....
f - Sticky Flame          Conj/Fire      ##......     99%         4    ####...


Dungeon Overview and Level Annotations

Branches:
Dungeon (15/15)            Temple (1/1) D:5             Orc (4/4) D:9
    Elf (3/3) Orc:3          Lair (8/8) D:11         Shoals (5/5) Lair:3
  Snake (5/5) Lair:5        Slime (0/6) Lair:6       Vaults (5/5) D:14
  Blade (1/1) Vaults:3      Crypt (1/3) Vaults:3        Zot (5/5) Depths:5
 Depths (5/5) D:15

Altars:
Ashenzari
Cheibriados
Dithmenos
Elyvilon
Fedhas
Gozag
Kikubaaqudgha
Makhleb
Nemelex Xobeh
Okawaru
Qazlal
Sif Muna
Trog
Vehumet
Xom
Yredelemnul
Zin
The Shining One
Jiyva
Lugonu

Shops:
Orc:1 (   Orc:4 (?(   Elf:2 (   Elf:3 %   Snake:1 *   Snake:5 :   Vaults:2 (

Portals:
Hell: Depths:1 Depths:2 Depths:3 Depths:4 Depths:5
Abyss: Depths:4
Pandemonium: Depths:1 Depths:2 Depths:3 Depths:5

Annotations:
Crypt:1 exclusion: curse skull


Innate Abilities, Weirdness & Mutations

You are resistant to torment.
You are immune to poison.
You can fly continuously.
Your stone body is very resilient (AC +20).
Your wings are large and strong.
You resist negative energy.
You are resistant to electric shocks.
You can survive without breathing.
You are immune to petrification.
You are immune to rotting.
You are partially covered in icy blue scales (AC +1).
You are partially covered in iridescent scales (AC +4).
You can translocate small distances at will.
Your vision is a little blurry.
Armour fits poorly on your strangely shaped body.
Your body is slowly deteriorating.
You have a fast metabolism.
Your magical capacity is very low (-20% MP).
You are robust (+10% HP).
You sometimes yell uncontrollably at your foes.
Your muscles are strong. (Str +2)


Message History

Qazlal accepts your kill.
Things that are here:
a dagger; a robe; a goblin corpse
(D) Dungeon (T) Temple (O) Orcish Mines (E) Elven Halls (L) Lair (A) Shoals (P) Snake Pit (M) Slime Pits (V) Vaults (B) Hall of Blades (C) Crypt (H) Hell (Z) Zot (U) Depths
Where to? (* - list waypoints, Enter - D:1 @ (x,y), ? - help)
Okay, then.
(D) Dungeon (T) Temple (O) Orcish Mines (E) Elven Halls (L) Lair (A) Shoals (P) Snake Pit (M) Slime Pits (V) Vaults (B) Hall of Blades (C) Crypt (H) Hell (Z) Zot (U) Depths
Where to? (* - list waypoints, Enter - D:1 @ (x,y), ? - help)
You see here a club.
There is an open door here.
There is a staircase leading out of the dungeon here.
Wield which item (- for none, * to show all)? (? for menu, Esc to quit)
Okay, then.
You have escaped!

###.##.##.#
#.########.######.
....##.##.######.#
#........
######.##........#
#.######.
...........#######
#.# #.
######.##### #.#
#. ######.# #.♣♣♣
######.# #.
#......# #..⌠♣
#####......# #.
#.###### #.♣♣♣
#..##.###### #.
#.# #.#####@.'..#
#. #.#
####.'...##'####
#. ..#
#..#.#...'..# #.
### #.##.'...#.##
#. #.##.####### #.
#.##..≈≈≈#
#♣######### #)
#.#.....⌠#
♣.........# #.
#.########
#########.# #.
#.......# #.# #.


There were no monsters in sight!

Vanquished Creatures
  4 orbs of fire
  Tiamat (Zot:3)
  9 ancient liches
  2 greater mummies (Zig:8)
  A pandemonium lord (Zot:4)
  2 curse toes (Zot:4)
  Sojobo (Crypt:1)
  2 Killer Klowns (Zot:5)
  Jory (Depths:2)
  4 electric golems
  3 bone dragons
  20 golden dragons
  Frederick (Blade)
  An Ice Fiend (IceCv)
  Asterion (Shoals:2)
  14 tentacled monstrosities
  26 Orb Guardians
  4 deep elf master archers
  4 quicksilver dragons
  3 titans (Vaults:5)
  2 deep elf blademasters (Elf:3)
  4 tentacled starspawn
  3 Executioners
  Polyphemus (Shoals:4)
  2 krakens
  4 acid blobs
  10 sphinxes
  11 storm dragons
  7 liches
  12 tengu reavers
  Agnes (Shoals:5)
  11 shadow dragons
  Kirke (Shoals:5)
  15 draconian monks
  Rupert (Lair:3)
  Ilsuiw (Shoals:5)
  2 azure jellies (Zig:9)
  12 greater nagas (Snake:5)
  3 iron dragons
  4 fire giants
  8 frost giants
  6 draconian scorchers
  Maud (Snake:1)
  7 draconian knights
  3 emperor scorpions
  2 cacodemons
  Aizul (Snake:2)
  7 deep elf sorcerers
  5 ghost moths
  13 draconian zealots
  Gastronok (D:13)
  A balrug (Depths:3)
  4 war gargoyles
  A spectral weapon (Shoals:2)
  13 rakshasas
  Jorgrun (Vaults:1)
  4 draconian annihilators
  22 vault wardens
  2 reapers
  5 draconian shifters
  29 stone giants
  10 green draconians
  2 salamander firebrands (Depths:4)
  5 vampire knights
  8 deep elf demonologists
  4 draconian callers
  5 grey draconians (Zot:1)
  7 pale draconians
  Azrael (Elf:2)
  6 deep elf annihilators
  5 purple draconians
  8 yellow draconians
  12 black draconians
  9 mottled draconians
  20 red draconians
  5 dire elephants
  3 lorocyprocas
  5 white draconians
  An unborn (Abyss:2)
  A blizzard demon (Zig:3)
  An eidolon (Depths:1)
  5 merfolk javelineers
  8 minotaurs
  19 ettins
  A spectral quicksilver dragon (Crypt:1)
  21 fire dragons
  17 merfolk impalers
  3 mummy priests (Zig:8)
  An orange crystal statue (WizLab)
  8 deep elf high priests
  Josephine (Snake:1)
  24 ironheart preservers
  14 yaktaur captains
  A jiangshi (Crypt:1)
  13 death cobs
  11 deep elf death magi
  4 sirens
  3 ravenous feature mimics
  6 spriggan air magi
  Harold (Lair:4)
  11 naga warriors
  A hydra (shapeshifter) (Vaults:5)
  15 ice dragons
  2 ravenous item mimics
  39 vault guards
  4 monstrous demonspawn (WizLab)
  9 great orbs of eyes
  Nessos (Snake:2)
  6 hydras
  Erica (D:11)
  20 anacondas
  9 deep troll earth magi
  4 alligator snapping turtles
  3 merfolk aquamancers
  19 dancing weapons
  8 deep troll shamans
  22 ogre magi
  An orc high priest (Elf:1)
  34 death yaks
  12 naga sharpshooters
  4 catoblepae
  3 sun demons
  2 soul eaters
  12 thrashing horrors
  7 shock serpents
  7 hell hogs
  Urug (D:11)
  A spectral elf (Elf:3)
  2 spriggans (Depths:3)
  7 spriggan berserkers
  14 centaur warriors
  17 deep elf knights
  19 hell knights
  4 shadow wraiths
  13 very ugly things
  A storm dragon zombie (Vaults:5)
  11 ice devils
  5 wretched stars
  3 iron trolls (Depths:5)
  7 skeletal warriors
  5 salamander mystics
  2 spatial maelstroms (Abyss:5)
  2 hell beasts (Depths:5)
  A storm dragon skeleton (Zig:6)
  36 deep trolls
  An anaconda zombie (Abyss:4)
  2 death drakes
  14 hill giants
  7 giant orange brains
  6 naga ritualists
  A swamp dragon (Zig:4)
  34 large abominations
  12 unseen horrors
  5 wizards
  A torturous demonspawn (Depths:5)
  An ice statue (IceCv)
  9 water nymphs
  A silver statue (Zot:5)
  12 flayed ghosts
  A spectral human (Vaults:5)
  13 deep elf summoners
  11 sea snakes
  A shadow dragon zombie (Zig:6)
  24 deep elf conjurers
  15 ironbrand convokers
  7 orc knights
  Joseph (D:9)
  7 necromancers
  A tengu skeleton (Vaults:4)
  A stone giant zombie (Zig:6)
  3 salamanders (shapeshifter)
  6 mana vipers
  A shining eye (shapeshifter) (Depths:5)
  4 red wasps
  A draconian zombie (Zot:1)
  8 phantasmal warriors
  2 hellions
  18 fauns
  A fire giant zombie (Abyss:2)
  An orc sorcerer (D:15)
  2 shining eyes (Abyss:4)
  18 harpies
  5 wolf spiders
  16 manticores
  25 salamanders
  2 worldbinders (Depths:1)
  13 cyclopes
  26 starcursed masses
  16 griffons
  13 guardian serpents
  20 moths of wrath
  A moth of wrath (shapeshifter) (Vaults:5)
  36 black mambas
  21 vault sentinels
  A dire elephant zombie (Depths:1)
  11 mermaids
  Maurice (D:9)
  4 elephants (Lair:8)
  7 sixfirhies
  6 apocalypse crabs
  16 spiny frogs
  A tormentor (Abyss:2)
  An eye of devastation (Zig:9)
  5 orange demons
  4 iron devils
  10 smoke demons
  5 kobold demonologists
  A shock serpent skeleton (Abyss:1)
  9 brown oozes
  3 anaconda simulacra (IceCv)
  A yellow draconian zombie (Zot:1)
  6 komodo dragons
  An elf (shapeshifter) (Vaults:2)
  22 naga magi
  A spriggan zombie (Depths:1)
  7 efreet
  A fire drake (shapeshifter) (Depths:5)
  73 yaktaurs
  A black draconian zombie (Zot:1)
  A golden dragon simulacrum (Depths:5)
  A spiny frog (shapeshifter) (Vaults:4)
  7 jumping spiders
  4 red devils
  10 ancient zymes
  2 feature mimics
  4 demonic crawlers
  5 guardian mummies (Zig:8)
  5 blue devils
  A hydra zombie (D:15)
  A sea snake skeleton (Crypt:1)
  7 hellwings
  A fire drake (Lair:8)
  11 freezing wraiths
  A red draconian skeleton (Zot:1)
  A raiju (shapeshifter) (Vaults:2)
  2 wolf spider simulacra (IceCv)
  23 trolls
  Sonja (D:14)
  37 two-headed ogres
  59 merfolk
  2 wind drakes
  A tengu conjurer (Depths:2)
  A fire dragon zombie (Depths:1)
  15 deep elf priests
  7 boulder beetles
  A basilisk (shapeshifter) (Abyss:5)
  An ice dragon zombie (Zot:1)
  19 slime creatures
  15 raiju
  5 snapping turtles
  An ettin zombie (Zig:6)
  12 ravens (Depths:2)
  13 blink frogs
  A moth of wrath zombie (Zot:4)
  2 tengu simulacra
  A spectral black mamba (Crypt:1)
  3 black mamba zombies (Snake:1)
  7 wyverns
  4 flying skulls
  7 shadows
  3 basilisks
  13 air elementals
  10 water elementals
  4 vampires
  2 trapdoor spiders (Depths:1)
  30 deep elf magi
  A hog (shapeshifter) (Elf:2)
  21 redbacks
  4 tarantellas
  A dire elephant simulacrum (IceCv)
  2 spriggan skeletons
  2 fire bats (Abyss:2)
  9 ynoxinuls
  A yak (shapeshifter) (Elf:3)
  39 ugly things
  6 hungry ghosts
  3 fire elementals
  6 hogs
  5 humans (Depths:3)
  A wraith (Vaults:1)
  A tarantella (shapeshifter) (Vaults:2)
  19 sharks
  40 yaks
  A fire dragon skeleton (D:15)
  2 black mamba skeletons
  9 hippogriffs
  Grum (D:9)
  2 yaktaur simulacra
  45 deep elf fighters
  16 vampire mosquitoes
  12 neqoxecs
  13 wolves
  3 iron troll simulacra (IceCv)
  7 chaos spawn
  A warg (Elf:1)
  3 harpy simulacra (IceCv)
  9 mottled dragons
  27 water moccasins
  66 nagas
  2 spatial vortices
  4 ice beasts
  6 porcupines
  A soldier ant (D:14)
  6 hydra simulacra
  A fire dragon simulacrum (Crypt:1)
  A manticore zombie (D:8)
  14 small abominations
  2 necrophages
  28 orc warriors
  4 hell hounds (Elf:2)
  8 phantoms
  5 boggarts
  2 naga zombies (Snake:1)
  10 sky beasts
  4 yellow wasps
  9 black bears
  4 swamp drakes
  42 centaurs
  A boring beetle (Lair:3)
  Sigmund (D:3)
  70 ogres
  4 lava worms (Zot:5)
  8 crocodiles
  4 big kobolds
  3 glowing shapeshifter simulacra
  A wyvern zombie (D:13)
  A brain worm (Abyss:2)
  2 yaktaur zombies
  An insubstantial wisp (Abyss:2)
  24 giant frogs
  8 jellies
  6 gnoll sergeants
  3 scorpions
  A scorpion (shapeshifter) (Vaults:5)
  A swamp dragon simulacrum (IceCv)
  13 killer bees
  2 wights
  A pulsating lump (Abyss:5)
  10 electric eels
  A giant frog zombie (D:8)
  17 crimson imps
  A salamander simulacrum (Snake:1)
  11 big fish
  A gnoll shaman (D:8)
  5 iron imps
  A centaur skeleton (D:4)
  14 hounds
  29 orc priests
  13 quasits
  35 orc wizards
  A basilisk skeleton (D:13)
  Natasha (thrice) (D:3)
  8 iguanas
  4 troll simulacra (IceCv)
  3 lightning spires (Depths:1)
  7 orange rats
  A polar bear simulacrum (IceCv)
  9 worker ants
  2 killer bee zombies
  19 sheep
  Terence (D:2)
  8 mummies
  3 ogre simulacra (IceCv)
  A gnoll zombie (D:5)
  A naga simulacrum (IceCv)
  6 gnolls (D:7)
  A scorpion zombie (D:7)
  27 adders
  4 worms
  A giant mite (D:4)
  31 green rats
  6 white imps
  4 shadow imps
  21 ufetubi
  An orc zombie (D:7)
  3 adder skeletons
  8 giant geckos
  2 oozes
  172 orcs
  4 ball pythons
  2 bat skeletons (D:6)
  19 goblins
  22 hobgoblins
  31 jackals
  9 quokkas
  18 bats
  2 giant cockroaches
  4 giant newts
  A goblin skeleton (D:5)
  A jackal skeleton (D:9)
  22 kobolds
  3 lurking horrors
  2 orc skeletons
  A rat (shapeshifter) (Vaults:5)
  25 rats
  3 bushes
  4 crawling corpses
  An eldritch tentacle segment (Depths:1)
  93 fungi
  85 plants
  2 starspawn tentacles (Abyss:2)
  7 tentacles
3585 creatures vanquished.

Vanquished Creatures (collateral kills)
  A shadow dragon (Zot:4)
  An iron dragon (Vaults:5)
  A pale draconian (Zot:4)
  An ice dragon (Zot:4)
  A centaur warrior (D:13)
  An ironbrand convoker (Vaults:4)
  2 harpies (Shoals:2)
  A faun (Shoals:2)
  A mana viper (Snake:2)
  A deep elf priest (Vaults:4)
  A hill giant skeleton (D:13)
  A centaur (D:13)
  A giant frog (D:10)
  An iguana (D:9)
  A worker ant zombie (D:10)
  An orc (Vaults:4)
  A bat (D:9)
  A quokka (D:9)
19 creatures vanquished.

Vanquished Creatures (others)
  Margery (Vaults:5)
  An eldritch tentacle (Depths:1)
  A tengu reaver (Vaults:5)
  A draconian scorcher (Depths:5)
  A vault warden (Vaults:2)
  2 great orbs of eyes
  A dancing weapon (Blade)
  2 ogre magi
  A hell hog (Abyss:5)
  A death yak (Shoals:4)
  2 large abominations (Abyss:5)
  A ball lightning (Depths:1)
  A giant orange brain (Zig:9)
  Erolcha (D:8)
  A necromancer (Vaults:5)
  9 drowned souls
  5 yaktaurs
  A kobold demonologist (Depths:3)
  5 air elementals
  A merfolk (Shoals:5)
  A ynoxinul (Depths:3)
  A human (Shoals:5)
  2 water elementals (Shoals:3)
  A fire elemental (Vaults:5)
  A neqoxec (Abyss:5)
  2 nagas
  A deep elf fighter (Elf:3)
  A swamp worm (shapeshifter) (Depths:3)
  A swamp drake (Zig:4)
  An orc warrior (Vaults:4)
  An ogre (D:15)
  A boggart (Depths:4)
  A killer bee (D:7)
  An electric eel (D:8)
  2 orc wizards
  4 ufetubi
  2 white imps (IceCv)
  An orc (D:3)
  7 bushes (Abyss:5)
  38 eldritch tentacle segments (Depths:1)
  4 fungi
  11 plants
  15 starspawn tentacles
  128 starspawn tentacle segments
  6 tentacles
  115 tentacle segments
388 creatures vanquished.

Grand Total: 3992 creatures vanquished

Notes
Turn   | Place    | Note
--------------------------------------------------------------
     0 | D:1      | Zuul, the Gargoyle Gladiator, began the quest for the Orb.
     0 | D:1      | Reached XP level 1. HP: 12/12 MP: 1/1
   110 | D:1      | Found a sparkling altar of Nemelex Xobeh.
   123 | D:1      | Reached skill level 1 in Armour
   123 | D:1      | Reached XP level 2. HP: 15/18 MP: 2/2
   650 | D:1      | Reached skill level 3 in Fighting
   761 | D:1      | Reached XP level 3. HP: 19/23 MP: 3/3
  1983 | D:2      | Reached XP level 4. HP: 26/28 MP: 4/4
  2009 | D:2      | Noticed Terence
  2028 | D:2      | Killed Terence
  2235 | D:3      | Noticed Natasha
  2263 | D:3      | Killed Natasha
  2387 | D:3      | Reached XP level 5. HP: 33/33 MP: 5/5
  2527 | D:3      | Reached skill level 4 in Fighting
  2644 | D:3      | Noticed Natasha
  2660 | D:3      | Killed Natasha
  2940 | D:3      | Noticed Natasha
  2952 | D:3      | Killed Natasha
  3101 | D:3      | Noticed Sigmund
  3109 | D:3      | Gained mutation: You can translocate small distances at will. [potion of mutation]
  3109 | D:3      | Gained mutation: You are partially covered in icy blue scales (AC +1). [potion of mutation]
  3109 | D:3      | Gained mutation: You are partially covered in iridescent scales (AC +4). [potion of mutation]
  3121 | D:3      | Killed Sigmund
  3121 | D:3      | Reached XP level 6. HP: 8/39 MP: 6/6
  3663 | D:4      | Found a bloodstained altar of Trog.
  3847 | D:4      | Reached skill level 5 in Fighting
  3848 | D:4      | Reached XP level 7. HP: 23/44 MP: 7/7
  4129 | D:4      | Got a dazzling leather armour
  4140 | D:4      | Identified the +2 leather armour of Ethics {Str+3 Int-3} (You found it on level 4 of the Dungeon)
  4505 | D:4      | Reached skill level 1 in Axes
  4564 | D:4      | Reached skill level 5 in Polearms
  4775 | D:5      | Entered Level 5 of the Dungeon
  4882 | D:5      | Found a radiant altar of Vehumet.
  4883 | D:5      | Found a blossoming altar of Fedhas.
  4929 | D:5      | Identified a +1 rod of ignition (10/10) (You found it on level 5 of the Dungeon)
  4993 | D:5      | Found a staircase to the Ecumenical Temple.
  5053 | D:5      | Reached skill level 5 in Armour
  5089 | D:5      | Reached XP level 8. HP: 51/51 MP: 8/8
  5165 | Temple   | Entered the Ecumenical Temple
  5244 | Temple   | Became a worshipper of Qazlal Stormbringer
  5584 | D:5      | Found a shimmering altar of Xom.
  5585 | D:5      | Found a burning altar of Makhleb.
  5595 | D:5      | Reached skill level 6 in Fighting
  5804 | D:6      | Reached skill level 1 in Invocations
  6193 | D:6      | Found a bloodstained altar of Trog.
  6810 | D:6      | Reached skill level 7 in Fighting
  6810 | D:6      | Reached XP level 9. HP: 55/57 MP: 11/11
  6891 | D:7      | Acquired Qazlal's first power
  7331 | D:7      | Acquired Qazlal's second power
  7671 | D:7      | Reached skill level 8 in Fighting
  7886 | D:7      | Found a deep blue altar of Sif Muna.
  8158 | D:8      | Reached XP level 10. HP: 61/65 MP: 15/15
  8203 | D:8      | Reached skill level 1 in Shields
  8529 | D:8      | Reached skill level 9 in Fighting
  8940 | D:8      | Found an iron altar of Okawaru.
  9013 | D:8      | Acquired Qazlal's third power
  9013 | D:8      | Reached skill level 1 in Maces & Flails
  9152 | D:8      | Noticed Erolcha
  9168 | D:8      | Killed Erolcha
  9183 | D:8      | Reached skill level 1 in Spellcasting
  9511 | D:8      | Reached XP level 11. HP: 71/71 MP: 17/17
 10000 | D:8      | Reached skill level 1 in Evocations
 10233 | D:8      | Acquired Qazlal's fourth power
 10290 | D:8      | Noticed a manticore
 10331 | D:8      | Killed a manticore
 10331 | D:8      | Reached skill level 10 in Fighting
 10787 | D:9      | Noticed Maurice
 10830 | D:9      | Killed Maurice
 10830 | D:9      | Reached skill level 5 in Dodging
 10906 | D:9      | Noticed Grum
 10934 | D:9      | Killed Grum
 11015 | D:9      | Found a staircase to the Orcish Mines.
 11252 | D:9      | Acquired Qazlal's fifth power
 11271 | D:9      | Noticed Joseph
 11288 | D:9      | Killed Joseph
 12046 | Orc:1    | Entered Level 1 of the Orcish Mines
 12116 | D:10     | Entered Level 10 of the Dungeon
 12116 | D:10     | Noticed a hill giant
 12151 | D:10     | Killed a hill giant
 12151 | D:10     | Reached XP level 12. HP: 79/79 MP: 20/20
 12359 | D:11     | Found a staircase to the Lair.
 12606 | D:11     | Got a glittering glass ring
 12655 | D:11     | Got a warped great sword
 12662 | D:11     | Found a labyrinth entrance.
 12672 | Lab      | Entered a labyrinth
 12676 | Lab      | Identified the ring "Doatug" {rC+ Acc+3} (You found it on level 11 of the Dungeon)
 12680 | Lab      | Identified the +10,+5 great sword of Division {elec, -Tele rC+} (You took it off an orc warrior on level 11 of the Dungeon)
 12848 | Lab      | Noticed a minotaur
 12889 | Lab      | Killed a minotaur
 12891 | Lab      | Got a pitted trident
 12914 | Lab      | Got a crude dagger
 12917 | Lab      | Identified the Collected Works on Aid
 12941 | Lab      | Identified the +7,+10 trident of the Eternal Void {elec, rF+ Int-2} (You took it off a minotaur in a labyrinth)
 12945 | Lab      | Identified the +6,+6 dagger of Guilo {stab, Str+1 SInv} (You found it in a labyrinth)
 13029 | D:11     | Noticed Urug
 13048 | D:11     | Killed Urug
 13048 | D:11     | Reached skill level 10 in Armour
 13296 | Lair:1   | Entered Level 1 of the Lair of Beasts
 13391 | Lair:1   | Reached skill level 5 in Invocations
 13396 | Lair:1   | Reached skill level 11 in Fighting
 14995 | Lair:2   | Reached skill level 10 in Polearms
 15677 | Lair:3   | Found a shadowy altar of Dithmenos.
 15839 | Lair:3   | Found a staircase to the Shoals.
 15873 | Lair:3   | Reached skill level 5 in Shields
 16337 | Lair:3   | Noticed Rupert
 16366 | Lair:3   | Killed Rupert
 16366 | Lair:3   | Reached XP level 13. HP: 85/85 MP: 23/23
 16614 | Lair:4   | Noticed Harold
 16623 | Lair:4   | Killed Harold
 16623 | Lair:4   | Reached skill level 12 in Fighting
 17519 | Lair:5   | Found a staircase to the Snake Pit.
 18428 | Lair:6   | Found a staircase to the Slime Pits.
 18429 | Lair:6   | Found a viscous altar of Jiyva.
 18979 | Lair:7   | Reached skill level 13 in Fighting
 19827 | Lair:8   | Entered Level 8 of the Lair of Beasts
 19833 | Lair:8   | Gained mutation: Your wings are large and strong. [gargoyle growth]
 19833 | Lair:8   | Reached XP level 14. HP: 94/94 MP: 24/24
 20678 | Lair:8   | Reached skill level 14 in Fighting
 20989 | Lair:8   | Identified Guzofido's Almanac of Attacks and Intoxication (You found it on level 8 of the Lair of Beasts)
 22044 | D:13     | Got a smelly scale mail
 22072 | D:12     | Identified the cursed -3 scale mail of Untruth {Str+2 Dex+4} (You found it on level 13 of the Dungeon)
 22393 | D:13     | Noticed Gastronok
 22406 | D:13     | Killed Gastronok
 22406 | D:13     | Reached XP level 15. HP: 101/101 MP: 25/25
 22481 | D:13     | Found a portal to a secret trove of treasure.
 23429 | Orc:1    | Found Esue's Weapon Boutique.
 23813 | Orc:3    | Found a staircase to the Elven Halls.
 23834 | Orc:3    | Upgraded the game from 0.15-a0-1293-g4a08026 to 0.15-a0-1363-g87d8b17
 24291 | Orc:2    | Found a white marble altar of Elyvilon.
 24791 | Orc:4    | Entered Level 4 of the Orcish Mines
 25089 | Orc:4    | Found Jaesin's Magic Scroll Boutique.
 25089 | Orc:4    | Found Keyh's Antique Weapon Shop.
 25125 | Orc:4    | Found Bre Mali's Weapon Shoppe.
 25140 | Orc:4    | Jaesin's Magic Scroll Boutique was a mimic.
 25169 | Orc:4    | Found Peakysuoj's Magic Scroll Boutique.
 25664 | Snake:1  | Entered Level 1 of the Snake Pit
 25759 | Snake:1  | Noticed Maud
 25776 | Snake:1  | Killed Maud
 26093 | Snake:1  | Noticed Josephine
 26100 | Snake:1  | Reached skill level 15 in Fighting
 26111 | Snake:1  | Killed Josephine
 26151 | Snake:1  | Found Seng's Assorted Antiques.
 26156 | Snake:1  | Bought a viscous cyan potion for 23 gold pieces
 26886 | D:7      | Identified Sif Muna's Catalogue of Damage Dealing
 27205 | Temple   | Received a gift from Qazlal (rC+)
 27689 | Snake:2  | Noticed Aizul
 27719 | Snake:2  | Killed Aizul
 27722 | Snake:2  | Reached XP level 16. HP: 108/108 MP: 23/26
 27805 | Snake:2  | Noticed Nessos
 27806 | Snake:2  | Found a frozen archway.
 27843 | Snake:2  | Killed Nessos
 27863 | IceCv    | Entered an ice cave
 28160 | IceCv    | Reached skill level 15 in Armour
 28355 | IceCv    | Noticed an Ice Fiend
 28379 | IceCv    | Killed an Ice Fiend
 28457 | IceCv    | Got a pair of smoking gloves
 28460 | IceCv    | Identified the +0 pair of gloves of Dithmenos' Pride {+Inv rElec rPois Dam+3} (You found it in an ice cave)
 29081 | Lair:1   | Learned a level 1 spell: Flame Tongue
 29193 | Shoals:1 | Entered Level 1 of the Shoals
 30034 | Shoals:2 | Reached skill level 1 in Conjurations
 30124 | Shoals:2 | Reached skill level 10 in Dodging
 30629 | Shoals:2 | Noticed Asterion
 30651 | Shoals:2 | Killed Asterion
 31046 | Shoals:3 | Reached XP level 17. HP: 113/115 MP: 26/27
 31067 | Shoals:3 | Reached skill level 16 in Armour
 31327 | Shoals:3 | Reached skill level 5 in Spellcasting
 31360 | Shoals:3 | Noticed a kraken
 31385 | Shoals:3 | Killed a kraken
 31982 | Shoals:4 | Noticed Polyphemus
 32005 | Shoals:4 | Killed Polyphemus
 33543 | Snake:3  | Learned a level 1 spell: Apportation
 33591 | Snake:3  | Found Ukiaduz's Magic Scroll Emporium.
 33606 | Snake:3  | Ukiaduz's Magic Scroll Emporium was a mimic.
 33720 | Snake:3  | Learned a level 5 spell: Bolt of Magma
 34126 | Snake:3  | Reached skill level 1 in Earth Magic
 34158 | Snake:3  | Reached skill level 1 in Translocations
 34471 | Snake:4  | Reached skill level 1 in Fire Magic
 34479 | Snake:4  | Reached XP level 18. HP: 122/122 MP: 29/29
 34974 | Snake:4  | Got a warped plate armour
 34990 | Snake:4  | Identified the +4 plate armour of Morality {MR+ Int+1} (You found it on level 4 of the Snake Pit)
 35951 | Snake:5  | Entered Level 5 of the Snake Pit
 36137 | Snake:5  | Reached skill level 17 in Armour
 36352 | Snake:5  | Found a burning altar of Makhleb.
 36592 | Snake:5  | Found Janneopp's Book Boutique.
 36723 | Snake:5  | Reached skill level 15 in Polearms
 36865 | Snake:5  | Reached skill level 5 in Earth Magic
 37048 | Snake:5  | Got an amethyst-encrusted plate armour
 37053 | Snake:5  | Identified the +1 plate armour of Devotion {Acc+6 Dam+3} (You found it on level 5 of the Snake Pit)
 37386 | Snake:5  | Reached XP level 19. HP: 118/128 MP: 31/31
 37556 | Snake:5  | Got a serpentine rune of Zot
 38254 | Shoals:5 | Entered Level 5 of the Shoals
 38268 | Shoals:5 | Noticed Agnes
 38285 | Shoals:5 | Noticed Ilsuiw
 38416 | Shoals:5 | Killed Ilsuiw
 38803 | Shoals:5 | Reached skill level 18 in Armour
 38911 | Shoals:5 | Noticed Kirke
 38932 | Shoals:5 | Killed Agnes
 38952 | Shoals:5 | Killed Kirke
 39769 | Shoals:5 | Got a barnacled rune of Zot
 40629 | D:14     | Noticed Sonja
 40644 | D:14     | Found a gate to the Vaults.
 41002 | D:14     | Killed Sonja
 41453 | D:15     | Entered Level 15 of the Dungeon
 41508 | D:15     | Reached XP level 20. HP: 127/136 MP: 32/32
 41535 | D:15     | Found a shadowy altar of Dithmenos.
 41998 | D:15     | Found a staircase to the Depths.
 42370 | Vaults:1 | Entered Level 1 of the Vaults
 42647 | Vaults:1 | Cast into the Abyss (deep elf sorcerer)
 42648 | Abyss:1  | Found a corrupted altar of Lugonu.
 43048 | Abyss:2  | Noticed a bone dragon
 43169 | Abyss:2  | Reached skill level 10 in Shields
 43213 | Abyss:2  | Gained mutation: You occasionally shout uncontrollably at your foes. [a neqoxec]
 43294 | Vaults:1 | Escaped the Abyss
 44381 | Vaults:1 | Noticed Jorgrun
 44415 | Vaults:1 | Killed Jorgrun
 45541 | Vaults:2 | Got an ichor-stained morningstar
 45542 | Vaults:2 | Identified the +5,+5 morningstar of Conversion {holy, rElec SInv} (You found it on level 2 of the Vaults)
 45878 | Vaults:2 | Got a pitted leather armour
 45899 | Vaults:2 | Found Mewuheen's Antique Weapon Emporium.
 45921 | Vaults:2 | Identified the +1 leather armour of Kikubaaqudgha's Favour {+Fly rC++ Acc+6 SInv} (You found it on level 2 of the Vaults)
 46169 | Vaults:2 | Reached XP level 21. HP: 136/142 MP: 32/32
 46309 | Vaults:2 | Reached skill level 19 in Armour
 47382 | Vaults:3 | Paralysed by a sphinx for 5 turns
 47584 | Vaults:3 | Found a staircase to the Hall of Blades.
 47746 | Vaults:3 | Found a staircase to the Crypt.
 48678 | Blade    | Entered the Hall of Blades
 48687 | Blade    | Noticed Frederick
 48860 | Blade    | Killed Frederick
 49417 | Vaults:4 | Paralysed by a sphinx for 3 turns
 49440 | Vaults:4 | Reached XP level 22. HP: 130/150 MP: 31/33
 49587 | Vaults:4 | Paralysed by an ogre mage for 3 turns
 49994 | Vaults:4 | Identified a scroll of acquirement
 49996 | Vaults:4 | Got a scintillating steel ring
 49997 | Vaults:4 | Identified the ring of Buihopi {rN+ MP+9} (You acquired it on level 4 of the Vaults)
 50263 | Vaults:4 | Reached skill level 20 in Armour
 51973 | Orc:4    | Bought a scroll of enchant armour for 105 gold pieces
 52231 | D:13     | You paid a toll of a +5 ice dragon armour to enter a treasure trove
 52232 | Trove    | Entered a treasure trove
 52238 | Trove    | Got a pair of dazzling gloves
 52249 | Trove    | Got a pair of ichor-stained gloves
 52258 | Trove    | Identified the +1 pair of gloves "Koth" {rElec rPois Acc+2} (You found it in a treasure trove)
 52261 | Trove    | Identified the +0 pair of gloves of Sunlight {Str+4 Dex+2} (You found it in a treasure trove)
 52353 | Trove    | Got a transparent plate armour
 52358 | Trove    | Got a warped crystal plate armour
 52376 | Trove    | Identified the -3 plate armour of the Pleiades {rElec Dam+5} (You found it in a treasure trove)
 52401 | Trove    | Identified the +14 crystal plate armour "Noygh" {rF++ rN+ Str+3 Int+1} (You found it in a treasure trove)
 52967 | Vaults:5 | Entered Level 5 of the Vaults
 52967 | Vaults:5 | Noticed Margery
 53002 | Vaults:5 | Killed Margery
 53011 | Vaults:5 | Reached XP level 23. HP: 43/156 MP: 33/33
 53023 | Vaults:5 | Reached skill level 5 in Evocations
 53215 | Vaults:5 | Paralysed by an ogre mage for 2 turns
 53231 | Vaults:5 | Got an encrusted eveningstar
 54390 | Vaults:5 | Got an ivory morningstar
 54394 | Vaults:5 | Got a transparent wooden ring
 54420 | Vaults:5 | Got a bloodstained large shield
 54478 | Vaults:5 | Identified the +10 large shield "Liep" {rF+ Dam+4} (You found it on level 5 of the Vaults)
 54499 | Vaults:5 | Identified the +7,+6 eveningstar "Kheab" {drain, rN+ Stlth+} (You took it off an ogre mage on level 5 of the Vaults)
 54500 | Vaults:5 | Identified the +0,+9 morningstar "Ireicwur" {flame, rC+ Str+2} (You found it on level 5 of the Vaults)
 54503 | Vaults:5 | Identified the ring "Ilam" {rN+ MP+9 Acc+4} (You found it on level 5 of the Vaults)
 54678 | Vaults:5 | Got a dazzling scale mail
 54773 | Vaults:5 | Identified the +1 scale mail of Resilience {rElec MR++} (You took it off a deep elf high priest on level 5 of the Vaults)
 54782 | Vaults:5 | Gained mutation: You are robust (+10% HP). [potion of beneficial mutation]
 54919 | Vaults:5 | Reached XP level 24. HP: 180/180 MP: 34/34
 55019 | Vaults:5 | Reached skill level 21 in Armour
 55183 | Vaults:5 | Gained mutation: Your muscles are strong. (Str +2) [potion of beneficial mutation]
 55248 | Vaults:5 | Got a transparent buckler
 55259 | Vaults:5 | Identified the +2 buckler of Vehumet's Generosity {Str+2 Dex+2} (You found it on level 5 of the Vaults)
 55329 | Vaults:5 | Got a crystal shortbow
 55405 | Vaults:5 | Got a silver rune of Zot
 55407 | Vaults:5 | Got a warped battleaxe
 55416 | Vaults:5 | Identified the +8,+2 battleaxe of Vajouhor {chop, +Fly rElec} (You found it on level 5 of the Vaults)
 55770 | Vaults:5 | Identified the cursed -2,-1 shortbow "Areumniu" {frost, rF+} (You found it on level 5 of the Vaults)
 56656 | Crypt:1  | Entered Level 1 of the Crypt
 56682 | Crypt:1  | Noticed Sojobo
 56702 | Crypt:1  | Killed Sojobo
 56704 | Crypt:1  | Reached skill level 15 in Dodging
 57048 | Depths:1 | Entered Level 1 of the Depths
 57199 | Depths:1 | Reached skill level 10 in Invocations
 57202 | Depths:1 | Identified the Reference Book on Orientation (You found it on level 1 of the Depths)
 57398 | Depths:1 | Found a gateway to Hell.
 57444 | Depths:1 | Paralysed by a sphinx for 7 turns
 57634 | Depths:1 | Found a one-way gate leading to the halls of Pandemonium.
 57794 | Depths:1 | Identified the Volume of the Louse
 58013 | Depths:1 | Identified the Compendium of Damaging Envenoming
 58291 | Depths:1 | Identified Sif Muna's Papyrus of the Forsaken Suns
 58646 | Depths:2 | Found a gateway to a ziggurat.
 58966 | Depths:2 | Reached XP level 25. HP: 179/188 MP: 35/35
 59195 | Depths:2 | Noticed Jory
 59219 | Depths:2 | Killed Jory
 59630 | Depths:3 | Found a magical portal.
 59636 | WizLab   | Entered Wucad Mu's Monastery
 59847 | WizLab   | Reached XP level 26. HP: 194/194 MP: 35/35
 59864 | WizLab   | Gained mutation: You have a slow metabolism. [potion of beneficial mutation]
 60315 | Depths:3 | Lost mutation: You have a slow metabolism. [a cacodemon]
 60319 | Depths:3 | Found a burning altar of Makhleb.
 60339 | Depths:3 | Gained mutation: Armour fits poorly on your strangely shaped body. [a cacodemon]
 60359 | Depths:2 | Upgraded the game from 0.15-a0-1363-g87d8b17 to 0.15-a0-1387-gd422dff
 61858 | Depths:3 | Learned a level 3 spell: Stone Arrow
 62213 | Depths:3 | Reached skill level 15 in Shields
 62601 | Depths:4 | Reached skill level 5 in Conjurations
 62767 | Depths:4 | Found a one-way gate to the infinite horrors of the Abyss.
 63160 | Depths:4 | Reached skill level 22 in Armour
 63331 | Depths:4 | Reached XP level 27. HP: 202/202 MP: 36/36
 63412 | Depths:4 | Got a fine scale mail
 63928 | Lair:1   | Identified the +1 scale mail "Wusm" {rPois rF+ Dam+4 SInv} (You took it off a salamander firebrand on level 4 of the Depths)
 64069 | Elf:1    | Entered Level 1 of the Elven Halls
 65034 | Elf:2    | Found Ydgheq's Weapon Shoppe.
 65073 | Elf:2    | Noticed Azrael
 65135 | Elf:2    | Killed Azrael
 65856 | Elf:3    | Entered Level 3 of the Elven Halls
 66188 | Elf:3    | Found Kaustakh's Food Shop.
 66600 | Elf:3    | Got a vibrating glass ring
 66602 | Elf:3    | Identified the cursed ring "Schoaboo" {rPois Dex+1 Int+5} (You found it on level 3 of the Elven Halls)
 66617 | Elf:3    | Got a brightly glowing morningstar {holy}
 66636 | Elf:3    | Cast into the Abyss (deep elf sorcerer)
 66637 | Abyss:1  | Identified the +2,+7 morningstar "Imyapt" {holy, rC+ MR+} (You took it off a deep elf conjurer on level 3 of the Elven Halls)
 66658 | Abyss:1  | Noticed an ancient lich
 66688 | Abyss:1  | Killed an ancient lich
 66828 | Abyss:2  | Found a corrupted altar of Lugonu.
 67372 | Abyss:4  | Gained mutation: Your natural rate of healing is unusually fast. [a shining eye]
 67400 | Abyss:4  | Paralysed by you for 2 turns
 67464 | Abyss:5  | Entered Level 5 of the Abyss
 67464 | Abyss:5  | Found a corrupted altar of Lugonu.
 67479 | Abyss:5  | Found a corrupted altar of Lugonu.
 67595 | Abyss:5  | Paralysed by accursed screaming for 1 turns
 67640 | Abyss:5  | Got an abyssal rune of Zot
 67814 | Abyss:5  | Paralysed by accursed screaming for 1 turns
 68062 | Elf:3    | Escaped the Abyss
 68146 | Elf:3    | Got a wavering lapis lazuli ring
 68147 | Elf:3    | Identified the cursed ring "Ruhargho" {Dex+1 Acc+2} (You took it off a deep elf fighter on level 3 of the Elven Halls)
 68220 | Elf:3    | Got a crystal spear
 68221 | Elf:3    | Identified the cursed +1,+0 spear of Nacuudd {venom, rC+} (You found it on level 3 of the Elven Halls)
 68236 | Elf:3    | Learned a level 3 spell: Conjure Flame
 68240 | Elf:3    | Learned a level 3 spell: Inner Flame
 68248 | Elf:3    | Learned a level 4 spell: Sticky Flame
 68256 | Elf:3    | Got a polished helmet
 68260 | Elf:3    | Identified the +0 helmet of Orthodoxy {Str+4 Dex-4} (You acquired it on level 3 of the Elven Halls)
 68269 | Elf:3    | Got a slimy chain mail
 68293 | Elf:3    | Identified the +14 chain mail "Kaimnel" {Str+2 Dex+5} (You found it on level 3 of the Elven Halls)
 68361 | Elf:3    | Got a faintly glowing brass ring
 68362 | Elf:3    | Identified the ring of Leaves {+Fly rElec MR+} (You found it on level 3 of the Elven Halls)
 68370 | Elf:3    | Got a flickering brass ring
 68371 | Elf:3    | Identified the ring "Ziom" {Str+3 Dex+2} (You found it on level 3 of the Elven Halls)
 68374 | Elf:3    | Got a heavily runed chain mail
 68398 | Elf:3    | Identified the cursed -3 chain mail of Plasticity {Str+4 Int+4} (You found it on level 3 of the Elven Halls)
 68783 | D:11     | Noticed Erica
 68788 | D:11     | Killed Erica
 69105 | Depths:5 | Entered Level 5 of the Depths
 69179 | Depths:5 | Reached skill level 23 in Armour
 69386 | Depths:5 | Gained mutation: You have a fast metabolism. [a shining eye]
 69632 | Depths:5 | Found a gate to the Realm of Zot.
 70563 | Zig:1    | Entered Level 1 of a ziggurat
 70580 | Zig:1    | Got a heavily runed jade ring
 70581 | Zig:1    | Identified the ring "Cloj" {Dex+3 Int+4 Stlth+} (You found it on level 1 of a ziggurat)
 70586 | Zig:2    | Entered Level 2 of a ziggurat
 70593 | Zig:2    | Gained mutation: Your vision is a little blurry. [a cacodemon]
 70620 | Zig:3    | Entered Level 3 of a ziggurat
 70666 | Zig:4    | Entered Level 4 of a ziggurat
 70877 | Zig:5    | Entered Level 5 of a ziggurat
 70985 | Zig:5    | Got a heavily runed tin ring
 70996 | Zig:5    | Identified the Incunabulum of Lucky Orientation
 70999 | Zig:5    | Got a shimmering iron amulet
 71001 | Zig:5    | Identified Lee's Tome of the Rocks and Transmutation
 71003 | Zig:5    | Identified the ring of Levity {Fire Contam +Rage SInv} (You found it on level 5 of a ziggurat)
 71005 | Zig:5    | Identified the amulet "Nesuh" {+Rage MR+ SInv} (You found it on level 5 of a ziggurat)
 71017 | Zig:6    | Entered Level 6 of a ziggurat
 71086 | Zig:6    | Got a brightly glowing zirconium amulet
 71097 | Zig:6    | Identified the amulet of Emoalece {rCorr Str+3 Dex+2 Stlth+} (You found it on level 6 of a ziggurat)
 71104 | Zig:7    | Entered Level 7 of a ziggurat
 71181 | Zig:7    | Got a flickering ruby amulet
 71212 | Zig:8    | Entered Level 8 of a ziggurat
 71557 | Zig:9    | Entered Level 9 of a ziggurat
 71658 | Zig:9    | Identified a +4 rod of shadows (13/13) (You found it on level 9 of a ziggurat)
 71678 | Zig:9    | Identified Guicywye's Volume of Earth and Transmigration (You found it on level 9 of a ziggurat)
 72032 | Lair:1   | Identified the cursed amulet "Maclic" {Clar +Fly rC- Str+3 Dex-2} (You found it on level 7 of a ziggurat)
 72035 | Lair:1   | Got a crude bronze ring
 72048 | Lair:1   | Identified the ring of the Thirteen Stars {SustAb Stlth--} (You acquired it on level 1 of the Lair of Beasts)
 72417 | Zot:1    | Entered Level 1 of the Realm of Zot
 72736 | Zot:1    | Found a white marble altar of Elyvilon.
 73961 | Zot:2    | Reached skill level 24 in Armour
 74492 | Zot:3    | Noticed Tiamat
 74627 | Zot:3    | Killed Tiamat
 74694 | Zot:3    | Identified Sif Muna's Volume of Displacement
 75172 | Zot:3    | Noticed an orb of fire
 75173 | Zot:3    | Lost mutation: Your vision is a little blurry. [an orb of fire]
 75182 | Zot:3    | Gained mutation: Your vision is a little blurry. [an orb of fire]
 75189 | Zot:3    | Killed an orb of fire
 76201 | Zot:4    | Noticed Zuul's illusion
 76580 | Zot:4    | Found a corrupted altar of Lugonu.
 77371 | Zot:4    | Identified the Volume of the Zealot
 77382 | Zot:4    | Identified the Volume of Fire and Brimstone
 77768 | Zot:5    | Entered Level 5 of the Realm of Zot
 77849 | Zot:5    | Noticed an ancient lich
 77860 | Zot:5    | Killed an ancient lich
 77949 | Zot:5    | Reached skill level 25 in Armour
 78087 | Zot:5    | Noticed an orb of fire
 78091 | Zot:5    | Lost mutation: Your natural rate of healing is unusually fast. [an orb of fire]
 78099 | Zot:5    | Killed an orb of fire
 78144 | Zot:5    | Noticed an ancient lich
 78147 | Zot:5    | Noticed an ancient lich
 78152 | Zot:5    | Noticed an ancient lich
 78154 | Zot:5    | Killed an ancient lich
 78160 | Zot:5    | Killed an ancient lich
 78173 | Zot:5    | Killed an ancient lich
 78280 | Zot:5    | Noticed an ancient lich
 78298 | Zot:5    | Killed an ancient lich
 78420 | Zot:5    | Noticed an orb of fire
 78446 | Zot:5    | Killed an orb of fire
 78450 | Zot:5    | Noticed an ancient lich
 78470 | Zot:5    | Killed an ancient lich
 78553 | Zot:5    | Noticed an orb of fire
 78561 | Zot:5    | Gained mutation: Your magical capacity is low (-10% MP). [an orb of fire]
 78566 | Zot:5    | Gained mutation: Your body is slowly deteriorating. [an orb of fire]
 78573 | Zot:5    | Gained mutation: Your magical capacity is very low (-20% MP). [an orb of fire]
 78579 | Zot:5    | Gained mutation: You sometimes yell uncontrollably at your foes. [an orb of fire]
 78581 | Zot:5    | Killed an orb of fire
 78745 | Zot:5    | Noticed an ancient lich
 78921 | Zot:5    | Killed an ancient lich
 78934 | Zot:5    | Noticed an ancient lich
 78950 | Zot:5    | Killed an ancient lich
 79075 | Zot:5    | Got the Orb of Zot
 79138 | Zot:5    | Noticed Skaawn the pandemonium lord
 79162 | Zot:4    | Noticed Clyhuawn the pandemonium lord
 79182 | Zot:4    | Killed Clyhuawn the pandemonium lord
 79272 | Zot:1    | Noticed Brusasm the pandemonium lord
 79805 | D:$      | Escaped with the Orb!

Action                   |  1- 3 |  4- 6 |  7- 9 | 10-12 | 13-15 | 16-18 | 19-21 | 22-24 | 25-27 || total
-------------------------+-------+-------+-------+-------+-------+-------+-------+-------+-------++-------
Melee: Trident           |   133 |   269 |   455 |   405 |  1265 |  1587 |  2132 |  1683 |   504 ||  8433
       Rod               |       |       |     5 |     6 |       |       |       |       |       ||    11
       Unarmed           |       |       |    27 |       |       |       |       |     3 |       ||    30
       Whip              |       |       |   127 |       |       |       |       |       |       ||   127
       Spear             |       |       |    24 |   795 |       |       |       |       |       ||   819
       Staff             |       |       |       |       |       |       |    18 |       |       ||    18
       Demon trident     |       |       |       |       |       |       |       |       |  3803 ||  3803
 Cast: Flame Tongue      |       |       |       |       |       |     1 |     1 |       |       ||     2
       Apportation       |       |       |       |       |       |       |       |       |     1 ||     1
Invok: Upheaval          |       |       |     2 |       |       |     1 |       |     2 |       ||     5
       Elemental Force   |       |       |       |       |     1 |     2 |     1 |     2 |       ||     6
       Disaster Area     |       |       |       |       |       |       |     1 |     2 |     2 ||     5
 Abil: Blink             |       |       |       |     1 |       |       |       |       |       ||     1
       Fly               |       |       |       |       |     1 |       |       |       |       ||     1
Evoke: Wand              |       |     1 |     6 |    20 |     8 |     6 |    10 |     9 |    11 ||    71
       Rod               |       |       |     2 |    14 |     1 |       |       |       |     1 ||    18
       Fan of gales      |       |       |       |     1 |     1 |     1 |       |       |       ||     3
       Deck              |       |       |       |       |       |       |       |       |     1 ||     1
  Use: Potion            |       |     4 |     3 |     9 |       |     2 |     8 |    11 |    14 ||    51
       Scroll            |       |       |    13 |     8 |    11 |    11 |    11 |    28 |    86 ||   168
 Stab: Invisible         |       |       |       |     7 |       |       |     1 |       |     2 ||    10
       Petrified         |       |       |       |       |     3 |       |       |       |       ||     3
       Distracted        |       |       |       |       |     1 |     1 |     2 |       |     1 ||     5
       Paralysed         |       |       |       |       |       |       |     1 |       |       ||     1
       Confused          |       |       |       |       |       |       |       |       |     3 ||     3
